 Dungeon Crawl Stone Soup version 0.22-a0-596-gfbd32a6 (webtiles) character file.

8456 Goblin1989 the Blocker (level 11, 0/89 HPs)
             Began as a Gnoll Fighter on July 6, 2018.
             Was an Elder of Makhleb.
             Killed from afar by Erica (22 damage)
             ... with an orb of energy
             ... on level 10 of the Dungeon.
             The game lasted 00:32:48 (10564 turns).

Goblin1989 the Blocker (Gnoll Fighter)             Turns: 10564, Time: 00:32:49

Health: 0/89       AC: 11    Str: 22    XL:     11   Next: 31%
Magic:  20/20      EV: 14    Int: 10    God:    Makhleb [****..]
Gold:   325        SH:  0    Dex: 15    Spells: 20/22 levels left

rFire    . . .     SeeInvis .   y - +1 war axe (flame)
rCold    + . .     Gourm    .   A - +0 shield
rNeg     . . .     Faith    .   b - +0 troll leather armour
rPois    +         Spirit   .   q - +0 helmet
rElec    .         Reflect  +   L - +0 cloak
rCorr    .         Harm     .   O - +2 pair of gloves
MR       .....                  (no boots)
Stlth    +.........             H - +3 amulet of reflection
HPRegen  0.64/turn              c - ring of protection from cold
MPRegen  0.17/turn              o - ring of poison resistance

@: confused
A: distributed training, fangs 1, strong nose
a: Minor Destruction, Lesser Servant of Makhleb, Major Destruction, Renounce
Religion


You were on level 10 of the Dungeon.
You worshipped Makhleb.
Makhleb was greatly pleased with you.
You were hungry.

You visited 1 branch of the dungeon, and saw 10 of its levels.
You also visited: Ossuary.

You collected 633 gold pieces.
You spent 308 gold pieces at shops.

Inventory:

Hand Weapons
 w - a +0 blowgun {@w1}
 y - a +1 war axe of flaming (weapon)
 K - a +0 hunting sling
 Y - a +0 blowgun {@w1}
Missiles
 k - 125 poisoned needles
 l - 192 stones (quivered) {@Q3}
 m - 57 arrows
 s - 72 sling bullets
 x - 6 silver tomahawks
 z - 70 bolts
 D - 6 steel tomahawks
 E - 3 poisoned tomahawks
 Z - a throwing net {!d , @Q1}
Armour
 b - a +0 troll leather armour (worn)
 q - a +0 helmet (worn)
 A - a +0 shield (worn)
 L - a +0 cloak (worn)
 M - the +3 hat of Pondering {ponderous, MR+ MP+10 Int+5}
   (You took it off Gastronok on level 10 of the Dungeon)

   It affects your intelligence (+5).
   It affects your resistance to hostile enchantments.
   It affects your magic capacity (+10).
 O - a +2 pair of gloves (worn)
 V - a +0 chain mail of cold resistance
Jewellery
 c - a ring of protection from cold (left hand)
 o - a ring of poison resistance (right hand)
 C - an uncursed amulet of harm {unknown}
 H - a +3 amulet of reflection (around neck)
 N - an uncursed ring of wizardry
Wands
 n - a wand of enslavement (14)
 p - a wand of digging (11) {@v1}
 P - a wand of paralysis (15) {@v7}
 U - a wand of random effects (62)
Scrolls
 j - 2 scrolls of remove curse {@r3}
 t - a scroll of random uselessness
 v - 3 scrolls of enchant weapon
 B - a scroll of blinking
 F - 2 scrolls of fear
 Q - 3 scrolls of enchant armour
 R - 11 scrolls of identify {@r1}
 S - 2 scrolls of amnesia
 T - 9 scrolls of teleportation {!r, @r2}
Potions
 d - a potion of might {@q4}
 f - 3 potions of haste {unknown}
 h - 3 potions of mutation {unknown}
 i - 7 potions of curing {@q1}
 r - 6 potions of heal wounds {@q2}
 u - 4 potions of resistance {unknown}
 G - 3 potions of lignification
 I - 4 potions of degeneration {unknown}
 J - 2 potions of cancellation {unknown}
 W - 4 potions of brilliance
 X - 2 potions of flight
Miscellaneous
 g - a lightning rod (4/4)
Comestibles
 e - 26 rations


   Skills:
 + Level 9.0 Fighting
 + Level 6.0 Short Blades
 + Level 6.0 Long Blades
 + Level 7.7 Axes
 + Level 6.0 Maces & Flails
 + Level 6.0 Polearms
 + Level 6.0 Staves
 + Level 6.0 Slings
 + Level 6.0 Bows
 + Level 6.0 Crossbows
 + Level 6.0 Throwing
 + Level 9.0 Armour
 + Level 6.0 Dodging
 + Level 6.0 Stealth
 + Level 9.0 Shields
 + Level 6.0 Unarmed Combat
 + Level 6.0 Spellcasting
 + Level 5.0 Conjurations
 + Level 5.0 Hexes
 + Level 5.0 Charms
 + Level 5.0 Summonings
 + Level 5.0 Necromancy
 + Level 5.0 Translocations
 + Level 5.0 Transmutations
 + Level 5.0 Fire Magic
 + Level 5.0 Ice Magic
 + Level 5.0 Air Magic
 + Level 5.0 Earth Magic
 + Level 5.0 Poison Magic
 + Level 6.6 Invocations
 + Level 6.0 Evocations


You had 20 spell levels left.
You knew the following spells:

 Your Spells              Type           Power        Failure   Level  Hunger
d - Blink                 Tloc           N/A          10%         2    ##.....

Your spell library contained the following spells:

 Spells                   Type           Power        Failure   Level  Hunger
 Magic Dart               Conj           ##..         6%          1    None
 Conjure Flame            Conj/Fire      ##......     19%         3    ###....
 Slow                     Hex            ##......     10%         2    ##.....
 Confuse                  Hex            ##......     19%         3    ###....
 Mephitic Cloud           Conj/Pois/Air  ##......     19%         3    ###....
 Call Imp                 Summ           ##......     10%         2    ##.....
 Confusing Touch          Hex            ##....       6%          1    None
 Metabolic Englaciation   Hex/Ice        ##........   87%         5    ######.
 Petrify                  Tmut/Erth      ##......     54%         4    ####...
 Gell's Gravitas          Tloc           ##........   19%         3    ###....
 Yara's Violent Unravell  Hex/Tmut       ##........   87%         5    ######.


Dungeon Overview and Level Annotations

Branches:
Dungeon (10/15)            Temple (0/1) D:6            Lair (0/6) D:9
    Orc (0/2) D:9

Altars:
Makhleb
Uskayaw

Shops:
D:5 !

Annotations:
D:8 1 runed door
D:10 Erica, Fannar


Innate Abilities, Weirdness & Mutations

Your experience applies equally to all skills.
You have very sharp teeth.
Your uncanny sense of smell can sniff out nearby items.


Message History

The troll is lightly wounded.
You slash the adder! You burn the adder.
You kill the adder!
Makhleb accepts your kill. The troll bites you.
* * * LOW HITPOINT WARNING * * *
You block the troll's attack. x2; The troll bites you.
* * * LOW HITPOINT WARNING * * *
The troll barely misses you. The troll claws you but does no damage.
You take 11 damage, and have 35/89 hp.
You hit the troll. You burn the troll.
The troll is moderately wounded.
You block the troll's attack. The troll claws you but does no damage.
You block the troll's attack.
Your shield and chain mail prevent you from hitting the troll.
The troll is moderately wounded.
You block the troll's attack. x2; The troll closely misses you.
Your chain mail prevents you from hitting the troll.
Your bite misses the troll.
The troll is moderately wounded.
You block the troll's attack. x3
You slash the troll! You burn the troll!
The troll is almost dead.
The troll bites you!
* * * LOW HITPOINT WARNING * * *
The troll claws you but does no damage. The troll barely misses you.
You take 9 damage, and have 27/89 hp.
You barely miss the troll.
The troll is almost dead.
You block the troll's attack. x2; The troll barely misses you.
You barely miss the troll.
The troll is almost dead.
You block the troll's attack. x2; The troll claws you but does no damage.
Unknown command.
You slash the troll! You burn the troll.
You kill the troll!
Makhleb accepts your kill.
You feel better.
The troll leather armour is intact enough to wear.
You regained 8 hp, and now have 36/89 hp.
Unknown command.
Unknown command.
Unknown command.
Things that are here:
a +0 troll leather armour; a troll corpse
b - a +0 troll leather armour
Found a stone staircase leading down.
Wear which item? (? for menu, Esc to quit)
You start removing your armour.
You continue taking off your +0 chain mail of cold resistance. x2
All of the chunks of flesh in your inventory have rotted away.
You continue taking off your +0 chain mail of cold resistance. x2
You finish taking off your +0 chain mail of cold resistance.
You feel less resistant to cold.
You start putting on your armour.
You continue putting on your +0 troll leather armour. x5
You finish putting on your +0 troll leather armour.
You regained 2 hp, and now have 40/89 hp.
Unknown command.
You see here a lightning rod (4/4).
g - a lightning rod (4/4)
You are feeling hungry.
You hear the faint creaking of a very distant portcullis.
Erica the Fiery-Tempered comes into view.
She is wielding a scimitar of flaming.
Unknown command.
The helpless Erica fails to defend herself.
You slice Erica!! You burn Erica.
Erica is heavily wounded.
Erica hits you with a scimitar of flaming!
Erica burns you.
You take 10 damage, and have 45/89 hp.
You slash Erica! You burn Erica.
Erica is almost dead.
Erica hits you with a scimitar of flaming.
Erica burns you.
You take 2 damage, and have 43/89 hp.
You hit Erica. You burn Erica.
Erica is almost dead.
Erica screams, "Die!"
Erica hits you with a scimitar of flaming!
* * * LOW HITPOINT WARNING * * *
Erica burns you.
* * * LOW HITPOINT WARNING * * *
You take 10 damage, and have 33/89 hp.
You barely miss Erica. Your bite misses Erica.
Erica is almost dead.
Erica points at you and mumbles some strange words.
You are confused.
You closely miss Erica.
Erica is almost dead.
Erica hits you with a scimitar of flaming!
* * * LOW HITPOINT WARNING * * *
Erica burns you.
* * * LOW HITPOINT WARNING * * *
You take 12 damage, and have 22/89 hp.
You're too confused to move!
A hound comes into view.
Erica points at you and mumbles some strange words.
The orb of energy hits you!
You die...

...████..███
...██████...█
██.........███
█..........█
..........█
█...███..██
█...███..█
██.@.██.██
█.@...█
█.....█
∆█.██..█ ..█
██.█ .... █..█
██h. ██.█ █.
.█ █. ..


You could see Erica and a hound (wandering).

Vanquished Creatures
  A two-headed ogre (D:8)
  A kobold demonologist (D:7)
  A komodo dragon (D:8)
  A troll (D:10)
  Prince Ribbit (D:7)
  A hippogriff (D:8)
  A hungry ghost (D:8)
  Menkaure (D:7)
  2 hell hounds (D:9)
  9 orc warriors
  2 black bears (D:7)
  A phantom (D:8)
  4 ogres
  6 big kobolds
  3 bullfrogs
  A water moccasin zombie (Ossuary)
  2 water moccasin skeletons (D:5)
  4 scorpions
  3 killer bees (D:10)
  A wight (D:8)
  3 howler monkeys (D:8)
  3 electric eels (D:9)
  A crimson imp (D:8)
  A quasit (D:8)
  4 bullfrog zombies
  2 centaur zombies
  2 jellies (D:8)
  7 orc priests
  Crazy Yiuf (D:7)
  4 hounds
  13 orc wizards
  A bullfrog skeleton (D:8)
  An iguana (D:10)
  4 worker ants
  A killer bee zombie (Ossuary)
  4 hound zombies
  A hound skeleton (D:8)
  11 mummies (Ossuary)
  A howler monkey zombie (D:8)
  2 worker ant zombies (Ossuary)
  9 adders
  10 gnolls
  A howler monkey skeleton (D:4)
  7 shadow imps
  An ooze (D:1)
  6 adder zombies
  2 adder skeletons
  A worm (D:3)
  3 dart slugs
  5 leopard geckos
  50 orcs
  7 giant cockroaches
  5 goblins
  6 hobgoblins
  18 jackals
  5 quokkas
  A ball python (D:4)
  10 bats
  4 frilled lizards
  18 kobolds
  A leopard gecko zombie (Ossuary)
  6 rats
289 creatures vanquished.

Vanquished Creatures (collateral kills)
  Gastronok (D:10)
  Maurice (D:9)
  An ice beast (D:10)
  3 killer bees (D:10)
  An orc priest (D:9)
  An orc wizard (D:9)
  2 orcs (D:9)
10 creatures vanquished.

Vanquished Creatures (others)
  A centaur (D:9)
  A kobold (D:8)
  A withered plant (Ossuary)
3 creatures vanquished.

Grand Total: 302 creatures vanquished

Notes
Turn   | Place    | Note
-------+----------+-------------------------------------------
     0 | D:1      | Goblin1989 the Gnoll Fighter began the quest for the Orb.
     0 | D:1      | Reached XP level 1. HP: 23/23 MP: 1/1
   112 | D:1      | Reached XP level 2. HP: 29/29 MP: 2/2
   583 | D:1      | Reached XP level 3. HP: 35/35 MP: 3/3
  1205 | D:2      | Reached skill level 1 in Invocations
  1528 | D:2      | Reached skill level 1 in Short Blades
  1528 | D:2      | Reached skill level 1 in Long Blades
  1528 | D:2      | Reached skill level 1 in Maces & Flails
  1528 | D:2      | Reached skill level 1 in Polearms
  1528 | D:2      | Reached skill level 1 in Staves
  1528 | D:2      | Reached skill level 1 in Slings
  1528 | D:2      | Reached skill level 1 in Bows
  1528 | D:2      | Reached skill level 1 in Crossbows
  1528 | D:2      | Reached skill level 1 in Throwing
  1528 | D:2      | Reached skill level 1 in Dodging
  1528 | D:2      | Reached skill level 1 in Stealth
  1528 | D:2      | Reached skill level 1 in Unarmed Combat
  1528 | D:2      | Reached skill level 1 in Spellcasting
  1528 | D:2      | Reached skill level 1 in Evocations
  1528 | D:2      | Reached XP level 4. HP: 15/41 MP: 5/5
  2231 | D:3      | Reached skill level 1 in Conjurations
  2231 | D:3      | Reached skill level 1 in Hexes
  2231 | D:3      | Reached skill level 1 in Charms
  2231 | D:3      | Reached skill level 1 in Summonings
  2231 | D:3      | Reached skill level 1 in Necromancy
  2231 | D:3      | Reached skill level 1 in Translocations
  2231 | D:3      | Reached skill level 1 in Transmutations
  2231 | D:3      | Reached skill level 1 in Fire Magic
  2231 | D:3      | Reached skill level 1 in Ice Magic
  2231 | D:3      | Reached skill level 1 in Air Magic
  2231 | D:3      | Reached skill level 1 in Earth Magic
  2231 | D:3      | Reached skill level 1 in Poison Magic
  2247 | D:3      | HP: 2/41 [gnoll/flail (6)]
  2275 | D:3      | Reached XP level 5. HP: 7/47 MP: 6/6
  3442 | D:3      | Reached XP level 6. HP: 53/53 MP: 8/8
  3800 | D:4      | Reached skill level 5 in Axes
  4135 | D:4      | Reached XP level 7. HP: 49/59 MP: 10/10
  4206 | D:5      | Entered Level 5 of the Dungeon
  4327 | D:5      | Found a burning altar of Makhleb.
  4356 | D:5      | Became a worshipper of Makhleb the Destroyer
  4567 | D:5      | Reached XP level 8. HP: 67/67 MP: 12/12
  4730 | D:5      | Learned a level 2 spell: Blink
  4735 | D:5      | Found Ciurrexzo's Distillery.
  4752 | D:5      | Bought a potion of heal wounds for 70 gold pieces
  4752 | D:5      | Bought a potion of curing for 42 gold pieces
  4752 | D:5      | Bought a potion of lignification for 42 gold pieces
  4752 | D:5      | Bought a potion of flight for 42 gold pieces
  4752 | D:5      | Bought a potion of brilliance for 56 gold pieces
  4752 | D:5      | Bought a potion of might for 56 gold pieces
  5394 | D:6      | Found a hide-covered altar of Uskayaw.
  5568 | D:6      | Found a staircase to the Ecumenical Temple.
  6085 | D:7      | Reached * piety under Makhleb
  6450 | D:7      | Noticed Menkaure
  6464 | D:7      | Killed Menkaure
  6464 | D:7      | Reached XP level 9. HP: 72/72 MP: 14/14
  6590 | D:7      | Noticed Prince Ribbit
  6756 | D:7      | Killed Prince Ribbit
  7076 | D:7      | Found a runed door.
  7080 | D:7      | Noticed Crazy Yiuf
  7095 | D:7      | Killed Crazy Yiuf
  7188 | D:8      | Noticed a two-headed ogre
  7200 | D:8      | Killed a two-headed ogre
  7200 | D:8      | Reached skill level 5 in Invocations
  7250 | D:8      | Found a runed door.
  7355 | D:8      | Reached XP level 10. HP: 66/80 MP: 15/17
  7491 | D:8      | Reached ** piety under Makhleb
  7509 | D:8      | Found a sand-covered staircase.
  7517 | Ossuary  | Entered an ossuary
  7848 | Ossuary  | Reached skill level 5 in Short Blades
  7848 | Ossuary  | Reached skill level 5 in Long Blades
  7848 | Ossuary  | Reached skill level 5 in Maces & Flails
  7848 | Ossuary  | Reached skill level 5 in Polearms
  7848 | Ossuary  | Reached skill level 5 in Staves
  7848 | Ossuary  | Reached skill level 5 in Slings
  7848 | Ossuary  | Reached skill level 5 in Bows
  7848 | Ossuary  | Reached skill level 5 in Crossbows
  7848 | Ossuary  | Reached skill level 5 in Throwing
  7848 | Ossuary  | Reached skill level 5 in Dodging
  7848 | Ossuary  | Reached skill level 5 in Stealth
  7848 | Ossuary  | Reached skill level 5 in Unarmed Combat
  7848 | Ossuary  | Reached skill level 5 in Spellcasting
  7848 | Ossuary  | Reached skill level 5 in Evocations
  8151 | D:8      | Noticed a kobold demonologist
  8287 | D:7      | Killed a kobold demonologist
  8300 | D:8      | Reached *** piety under Makhleb
  8425 | D:8      | Found a runed door.
  8830 | D:9      | Found a staircase to the Lair.
  9130 | D:9      | Reached **** piety under Makhleb
 10076 | D:9      | Noticed Maurice
 10113 | D:9      | Killed Maurice
 10113 | D:9      | Reached XP level 11. HP: 87/87 MP: 19/19
 10308 | D:9      | Found a staircase to the Orcish Mines.
 10359 | D:10     | Entered Level 10 of the Dungeon
 10364 | D:10     | Noticed Fannar
 10416 | D:10     | Noticed Gastronok
 10443 | D:10     | Killed Gastronok
 10471 | D:10     | Reached skill level 5 in Conjurations
 10471 | D:10     | Reached skill level 5 in Hexes
 10471 | D:10     | Reached skill level 5 in Charms
 10471 | D:10     | Reached skill level 5 in Summonings
 10471 | D:10     | Reached skill level 5 in Necromancy
 10471 | D:10     | Reached skill level 5 in Translocations
 10471 | D:10     | Reached skill level 5 in Transmutations
 10471 | D:10     | Reached skill level 5 in Fire Magic
 10471 | D:10     | Reached skill level 5 in Ice Magic
 10471 | D:10     | Reached skill level 5 in Air Magic
 10471 | D:10     | Reached skill level 5 in Earth Magic
 10471 | D:10     | Reached skill level 5 in Poison Magic
 10556 | D:10     | Noticed Erica
 10564 | D:10     | Killed from afar by Erica

Vault maps used:
D:1:      dpeg_arrival_simpleton_c
D:2:      first_ration, minmay_misc_feat_iff
D:5:      makhleb_heckhound_becter, serial_shops, shop_coins, hex_medium
D:6:      eat_drink_and_be_merry_uskayaw, temple_doors_e
D:7:      uniq_prince_ribbit1, uniq_crazy_yiuf_cottage, uniq_menkaure
D:8:      cheibrodos_histonic, nicolae_ossuary_entry_plus, special_room
D:9:      minmay_lair_entry_lava, erik_orc_2, uniq_maurice
D:10:     serial_shops, shop_statue, enter_bailey_2, blue_anna_alchemist,
          nicolae_gozag_seed_capital, uniq_erica, uniq_fannar, uniq_gastronok
Ossuary:  ossuary_zaba_flooded

Skill      XL: |  1  2  3  4  5  6  7  8  9 10 11 |
---------------+----------------------------------+-----
Invocations    | 1 2 3 4 5 6 |  6.6
Short Blades   | 1 2 3 4 5 6 |  6.0
Long Blades    | 1 2 3 4 5 6 |  6.0
Maces & Flails | 1 2 3 4 5 6 |  6.0
Polearms       | 1 2 3 4 5 6 |  6.0
Staves         | 1 2 3 4 5 6 |  6.0
Slings         | 1 2 3 4 5 6 |  6.0
Bows           | 1 2 3 4 5 6 |  6.0
Crossbows      | 1 2 3 4 5 6 |  6.0
Throwing       | 1 2 3 4 5 6 |  6.0
Dodging        | 1 2 3 4 5 6 |  6.0
Stealth        | 1 2 3 4 5 6 |  6.0
Unarmed Combat | 1 2 3 4 5 6 |  6.0
Spellcasting   | 1 2 3 4 5 6 |  6.0
Evocations     | 1 2 3 4 5 6 |  6.0
Conjurations   | 1 2 3 4 5 |  5.0
Hexes          | 1 2 3 4 5 |  5.0
Charms         | 1 2 3 4 5 |  5.0
Summonings     | 1 2 3 4 5 |  5.0
Necromancy     | 1 2 3 4 5 |  5.0
Translocations | 1 2 3 4 5 |  5.0
Transmutations | 1 2 3 4 5 |  5.0
Fire Magic     | 1 2 3 4 5 |  5.0
Ice Magic      | 1 2 3 4 5 |  5.0
Air Magic      | 1 2 3 4 5 |  5.0
Earth Magic    | 1 2 3 4 5 |  5.0
Poison Magic   | 1 2 3 4 5 |  5.0
Axes           | 5 6 7 |  7.7
Fighting       | 7 8 9 |  9.0
Armour         | 7 8 9 |  9.0
Shields        | 7 8 9 |  9.0

Action                   |  1- 3 |  4- 6 |  7- 9 | 10-12 || total
-------------------------+-------+-------+-------+-------++-------
Melee: War axe           |    88 |   181 |   297 |   443 ||  1009
       Bite              |     7 |    18 |    35 |    70 ||   130
Invok: Lesser Servant of |       |       |       |     3 ||     3
Evoke: Wand              |       |       |       |     5 ||     5
  Use: Potion            |       |       |     2 |     1 ||     3
       Scroll            |       |       |    10 |     3 ||    13
 Stab: Sleeping          |       |       |     2 |     1 ||     3
       Distracted        |       |       |       |     1 ||     1
  Eat: Chunk             |     1 |    10 |     9 |     7 ||    27
       Ration            |       |       |     1 |     1 ||     2
Armor: Scale mail        |    33 |    62 |    25 |       ||   120
       Chain mail        |       |       |    69 |   143 ||   212
Dodge: Dodged            |    35 |    63 |    70 |   136 ||   304
Block: Shield            |    46 |   108 |   213 |   323 ||   690
       Reflection        |       |       |     7 |    15 ||    22

Table legend:
 A = Spawn XP
 B = Non-spawn XP
 C = Spawn XP percentage of total XP
 D = Spawn monster count
 E = Non-spawn monster count
 F = Spawn count percentage of total count
 G = Total turns spent on level
                    A         B        C        D         E        F      G
               +---------+---------+-------+---------+---------+-------+---------
         Total |       0 |   12080 |   0.0 |       0 |     300 |   0.0 | 10564
               +---------+---------+-------+---------+---------+-------+---------
           D:1 |       0 |      41 |   0.0 |       0 |      23 |   0.0 |  1176
           D:2 |       0 |      57 |   0.0 |       0 |      11 |   0.0 |  1016
           D:3 |       0 |     208 |   0.0 |       0 |      35 |   0.0 |  1245
           D:4 |       0 |     359 |   0.0 |       0 |      25 |   0.0 |   769
           D:5 |       0 |     839 |   0.0 |       0 |      27 |   0.0 |  1087
           D:6 |       0 |     369 |   0.0 |       0 |      14 |   0.0 |   713
           D:7 |       0 |    1793 |   0.0 |       0 |      27 |   0.0 |  1278
           D:8 |       0 |    3422 |   0.0 |       0 |      51 |   0.0 |  1056
           D:9 |       0 |    1999 |   0.0 |       0 |      48 |   0.0 |  1666
          D:10 |       0 |    2244 |   0.0 |       0 |      12 |   0.0 |   164
       Ossuary |       0 |     749 |   0.0 |       0 |      27 |   0.0 |   394
               +---------+---------+-------+---------+---------+-------+---------

Vault maps used:
D:1:      dpeg_arrival_simpleton_c
D:2:      first_ration, minmay_misc_feat_iff
D:5:      makhleb_heckhound_becter, serial_shops, shop_coins, hex_medium
D:6:      eat_drink_and_be_merry_uskayaw, temple_doors_e
D:7:      uniq_prince_ribbit1, uniq_crazy_yiuf_cottage, uniq_menkaure
D:8:      cheibrodos_histonic, nicolae_ossuary_entry_plus, special_room
D:9:      minmay_lair_entry_lava, erik_orc_2, uniq_maurice
D:10:     serial_shops, shop_statue, enter_bailey_2, blue_anna_alchemist,
          nicolae_gozag_seed_capital, uniq_erica, uniq_fannar, uniq_gastronok
Ossuary:  ossuary_zaba_flooded
